 Dungeon Crawl Stone Soup version 0.31.0-12-g77e489cdc1 (webtiles) character file.

Game seed: 18143708104139078825

544 112233 the Trooper (level 7, -34/49 HPs)
             Began as an Octopode Fighter on Feb 14, 2024.
             Was an Initiate of Gozag.
             Annihilated by an ogre
             ... wielding a +0 giant spiked club
              (36 damage)
             ... on level 4 of the Dungeon.
             The game lasted 00:02:18 (3439 turns).

112233 the Trooper (Octopode Fighter)               Turns: 3439, Time: 00:02:19

Health: -34/49     AC:  1    Str: 15    XL:     7   Next: 27%
Magic:  7/7        EV: 14    Int: 10    God:    Gozag
Gold:   424        SH:  5    Dex: 14    Spells: 6/6 levels left

rFire   . .          .
                       - Unarmed
rCold   . . .        a - +0 buckler
rNeg    . . .        (helmet restricted)
rPois   .            (no amulet)
rElec   .            (no ring)
rCorr   .            (no ring)
SInv    .            (no ring)
Will    .....        (no ring)
Stlth   ++           (no ring)
HPRegen 0.28/turn    (no ring)
MPRegen 0.10/turn    (no ring)
                     (no ring)

%: no passive effects
@: no status effects
A: almost no armour, amphibious, 8 rings, camouflage 1, gelatinous body 1,
(nimble swimmer 1), tentacles
a: Renounce Religion, Potion Petition, Call Merchant, Bribe Branch


You were on level 4 of the Dungeon.
You worshipped Gozag.
Gozag was aware of your devotion.
You visited 1 branch of the dungeon, and saw 4 of its levels.

You collected 479 gold pieces.
You spent 28 gold pieces at shops.
You paid 27 gold pieces to Gozag.

Inventory:

Missiles
 i - 2 throwing nets (quivered)
Armour
 a - a +0 buckler (worn)
Talismans
 j - a flux talisman
 p - a talisman of death
Scrolls
 b - a scroll of butterflies {unknown}
 c - a scroll of blinking {unknown}
 d - 2 scrolls of fog {unknown}
 e - a scroll of vulnerability {unknown}
 f - 7 scrolls of identify
 h - a scroll of torment {unknown}
 l - 4 scrolls of teleportation {unknown}
 o - a scroll of enchant armour {unknown}
Potions
 g - 2 potions of curing
 k - a potion of attraction {unknown}
 m - a potion of haste {unknown}
 n - a potion of mutation {unknown}
 q - a potion of brilliance {unknown}


   Skills:
 + Level 4.6 Fighting
 + Level 4.6 Dodging
 + Level 4.6 Shields
 * Level 4.2 Unarmed Combat
 + Level 1.3 Shapeshifting


You had 6 spell levels left.
You didn't know any spells.
Your spell library contained the following spells:

 Spells                   Type           Power      Damage    Failure   Level
 Apportation              Tloc           0%         N/A       43%         1
 Necrotise                Necr           0%         1d4       43%         1
 Sting                    Conj/Alch      0%         1d3       43%         1
 Summon Small Mammal      Summ           0%         N/A       43%         1
 Jinxbite                 Hex            0%         N/A       58%         2
 Stone Arrow              Conj/Erth      0%         3d7       82%         3
 Alistair's Intoxication  Alch           0%         N/A       100%        5
 Lehudib's Crystal Spear  Conj/Erth      0%         10d2      100%        8
 Animate Armour           Summ/Erth      Unusable   N/A       N/A         4

Dungeon Overview and Level Annotations

Branches:
Dungeon (4/15)
 Temple: D:4-7

Altars:
Gozag

Shops:
D:1 ?

Annotations:
D:2 exclusion: downstairs


Innate Abilities, Weirdness & Mutations

You cannot wear most types of armour.
You are amphibious.
You can wear up to eight rings at the same time.
Your skin changes colour to match your surroundings (Stealth+).
Your rubbery body absorbs attacks. (AC +1, EV +1)
((You are camouflaged when in or above water. (Stealth+)))
You have tentacles for arms and can constrict up to eight enemies at once.


Message History

Your squeeze misses the ogre.
The ogre is moderately wounded.
Unknown command.
Unknown command.
You tentacle-slap the ogre. You squeeze the ogre, but do no damage.
The ogre is heavily wounded.
The ogre hits you with a +0 giant spiked club!!
Ouch! That really hurt!
Unknown command.
You are too injured to fight recklessly!
Unknown command.
It was a potion of curing.
You feel better.
The ogre hits you with a +0 giant spiked club.
Unknown command.
You tentacle-slap the ogre. You squeeze the ogre, but do no damage.
The ogre is severely wounded.
Unknown command.
You tentacle-slap the ogre but do no damage.
The ogre is severely wounded.
The ogre hits you with a +0 giant spiked club!
* * * LOW HITPOINT WARNING * * *
Unknown command.
You tentacle-slap the ogre.
The ogre is severely wounded.
The ogre misses you.
Unknown command.
You barely miss the ogre. Your squeeze misses the ogre.
The ogre is severely wounded.
Unknown command.
You barely miss the ogre. You squeeze the ogre.
The ogre is severely wounded.
The ogre hits you with a +0 giant spiked club!
* * * LOW HITPOINT WARNING * * *
Unknown command.
You closely miss the ogre.
The ogre is severely wounded.
The ogre hits you with a +0 giant spiked club!!!
Ouch! That really hurt!
You die...
Your body crumbles into a pile of gold.

.....#.........#.#
.....#..##.....#.#
.....#..#......#.#
'#####..#...####.#
)# #..#.#.# #.# .#
#..###.# #.# .###
#... #.# #.# ...#
###. #####.# ####
#..@# ##O## #. ..
#.# .. ###


You could see an ogre.

Vanquished Creatures
  A black bear (D:2)
  A phantom (D:4)
  A howler monkey (D:4)
  A hound (D:4)
  2 orc priests (D:3)
  Terence (D:2)
  An iguana (D:4)
  An orc wizard (D:4)
  6 gnolls
  3 adders
  2 ribbon worms
  2 dart slugs (D:2)
  9 orcs
  9 endoplasms
  7 giant cockroaches
  5 goblins
  5 hobgoblins
  4 kobolds
  3 quokkas
  3 ball pythons
  5 bats
  2 frilled lizards (D:1)
  10 rats
84 creatures vanquished.

Notes
Turn   | Place    | Note
-------+----------+-------------------------------------------
     0 | D:1      | 112233 the Octopode Fighter began the quest for the Orb.
     0 | D:1      | Reached XP level 1. HP: 16/16 MP: 1/1
   165 | D:1      | Reached XP level 2. HP: 20/21 MP: 2/2
   219 | D:1      | Found Ohuc's Magic Scroll Shoppe.
   229 | D:1      | Bought a scroll of identify for 28 gold pieces
   535 | D:1      | Reached XP level 3. HP: 25/26 MP: 3/3
   797 | D:2      | Noticed Terence
   809 | D:2      | Killed Terence
  1072 | D:2      | Reached XP level 4. HP: 22/31 MP: 4/4
  1231 | D:2      | Found an opulent altar of Gozag.
  1447 | D:2      | Became a worshipper of Gozag Ym Sagoz the Greedy
  1908 | D:3      | Noticed a black bear
  1982 | D:2      | Killed a black bear
  1983 | D:2      | Reached XP level 5. HP: 28/37 MP: 5/5
  2249 | D:3      | Reached XP level 6. HP: 36/43 MP: 6/6
  2851 | D:4      | Reached XP level 7. HP: 36/49 MP: 7/7
  2909 | D:4      | Reached skill level 1 in Shapeshifting
  3438 | D:4      | HP: 1/49 [ogre/+0 giant spiked club (11)]
  3439 | D:4      | Annihilated by an ogre

Illustrated notes

Levels and vault maps discovered:
D:1:      wheals_arrival_linesprint, layout_rooms, serial_shops, shop,
          hex_intersection
D:2:      layout_basic, basic_altar, minmay_joined_circles, uniq_terence
D:3:      layout_rooms, kennysheep_orc_chapel
D:4:      layout_basic, temple_doors_e

Skill      XL: |  1  2  3  4  5  6  7 |
---------------+----------------------+-----
Fighting       | 4 |  4.6
Dodging        | 4 |  4.6
Shields        | 4 |  4.6
Unarmed Combat | 3 4 |  4.2
Shapeshifting  | 1 |  1.3

Action                     |  1- 3 |  4- 6 |  7- 9 || total
---------------------------+-------+-------+-------++-------
  Melee: Unarmed           |    67 |   114 |    48 ||   229
         Constrict         |    15 |    28 |    14 ||    57
         Tentacles         |    10 |    26 |    12 ||    48
         Punch             |     2 |     6 |     2 ||    10
    Use: Potion            |     2 |       |     1 ||     3
   Stab: Sleeping          |     3 |     5 |     1 ||     9
         Distracted        |       |     2 |       ||     2
 Armour: Skin              |    31 |    30 |    10 ||    71
  Dodge: Dodged            |    34 |    61 |    18 ||   113
  Block: Buckler           |    12 |    21 |     8 ||    41
